 Dungeon Crawl Stone Soup version 0.28-a0-172-g787e458d71 (webtiles) character file.

Game seed: 13291348371260102286

199 Loskel the Skirmisher (level 6, 0/49 HPs)
             Began as a Human Monk on Aug 16, 2021.
             Was a Priest of Cheibriados.
             Slain by a worm (9 damage)
             ... on level 3 of the Dungeon.
             The game lasted 00:08:30 (2169 turns).

Loskel the Skirmisher (Human Monk)                  Turns: 2169, Time: 00:08:30

Health: 0/49       AC:  9    Str: 19    XL:     6   Next: 6%
Magic:  6/9        EV: 17    Int: 20    God:    Cheibriados [***...]
Gold:   88         SH:  5    Dex: 24    Spells: 5/9 levels left

rFire   . . .      SeeInvis .   a - +3 dagger (protect)
rCold   . . .      Faith    .   f - +0 buckler
rNeg    . . .      Spirit   .   b - +0 robe
rPois   .          Reflect  .   (no helmet)
rElec   .          Harm     .   (no cloak)
rCorr   +          Rampage  .   (no gloves)
Will    .....                   (no boots)
Stlth   +++.......              (no amulet)
HPRegen 0.16/turn               c - +4 ring of evasion
MPRegen 0.11/turn               j - ring of resist corrosion

@: under a protective aura, very slow
A: no striking features
a: Renounce Religion, Bend Time, Temporal Distortion


You were on level 3 of the Dungeon.
You worshipped Cheibriados.
Cheibriados was most pleased with you.
You visited 1 branch of the dungeon, and saw 3 of its levels.

You collected 88 gold pieces.

Inventory:

Hand Weapons
 a - a +3 dagger of protection (weapon)
 i - a +0 hand crossbow
Armour
 b - a +0 robe (worn)
 f - a +0 buckler (worn)
Jewellery
 c - a +4 ring of evasion (left hand)
 j - a ring of resist corrosion (right hand)
Scrolls
 e - 6 scrolls of identify
 g - 2 scrolls of vulnerability
Potions
 d - a potion of curing
 h - a potion of lignification {unknown}


   Skills:
 + Level 4.5 Fighting
 - Level 3.2 Long Blades
 - Level 3.0 Dodging
 - Level 2.0 Stealth
 - Level 2.2 Spellcasting
 * Level 2.5 Summonings


You had 5 spell levels left.
You knew the following spells:

 Your Spells              Type           Power      Damage    Failure   Level
a - Summon Small Mammal   Summ           48%        N/A       10%         1
b - Call Canine Familiar  Summ           12%        N/A       28%         3

Your spell library contained the following spells:

 Spells                   Type           Power      Damage    Failure   Level
 Ensorcelled Hibernation  Hex/Ice        4%         N/A       36%         2
 Summon Guardian Golem    Hex/Summ       7%         N/A       43%         3
 Spider Form              Tmut/Pois      1%         N/A       61%         3
 Shadow Creatures         Summ           N/A        N/A       100%        6


Dungeon Overview and Level Annotations

Branches:
Dungeon (3/15)

Altars:
Cheibriados

Annotations:
D:3 exclusion: door, Sigmund


Message History

Your rat dies!
Your rat's corpse disappears in a puff of smoke!
You hit the worm but do no damage. You block the worm's attack.
Casting: Summon Small Mammal (safe; 10% risk of failure)
Confirm with . or Enter, or press ? or * to list all spells.
You miscast Summon Small Mammal.
You are very lightly contaminated with residual magic.
Nothing appears to happen.
Something hits you!
Casting: Summon Small Mammal (safe; 10% risk of failure)
Confirm with . or Enter, or press ? or * to list all spells.
The worm barely misses you.
Your bat hits the worm but does no damage.
Something barely misses you. The worm bites you!
* * * LOW HITPOINT WARNING * * *
Your bat hits the worm. Something hits you.
* * * LOW HITPOINT WARNING * * *
You hear some strange, mumbled words.
A puff of flame appears from out of thin air!
You block the puff of flame.
You miss something.
Your bat hits the worm but does no damage.
Something barely misses you.
You hit something.
Your weapon exudes an aura of protection.
Your bat hits the worm but does no damage.
Your bat hits the worm. The worm completely misses you.
Your magical contamination has completely faded away.
You feel better.
Your bat barely misses the worm.
Something hits you!
* * * LOW HITPOINT WARNING * * *
The worm closely misses you.
You hit something. Your bat hits the worm.
Your bat barely misses the worm.
Your bat hits the worm.
You hear some strange, mumbled words.
A puff of flame appears from out of thin air!
The puff of flame hits you!
* * * LOW HITPOINT WARNING * * *
You feel better.
Your bat hits the worm.
Your bat hits something but does no damage.
The worm bites you!
You die...

#:r ≈.≈ ####..# #. #..
#+# #.....## #. #..
#.###.##...# #. #..
#.##..#.#..# #.
#..#####.##....#..####
#..#<..#.##.)#.#......
#..###.#.##....##..##.
#!†....#.....####..##.
#.##.##{@......##
##.##.
#.....bw###..#.# #..#>
#..=.#..# #..#.# ##.#.
#... #..#
#....#######..# #..
#.......####.......#
#. #.####### ###.##...
# ... #...... #.#
####.#. #.# ...#.


You could see a worm (ally target) and a friendly bat (summoned).

Vanquished Creatures
  A howler monkey (D:3)
  Jessica (D:3)
  Natasha (thrice) (D:2)
  4 adders
  A worm (D:2)
  A ball python (D:1)
  4 bats (D:2)
  4 endoplasms (D:1)
  3 giant cockroaches
  4 goblins
  2 hobgoblins
  2 quokkas (D:1)
  2 frilled lizards
  4 kobolds
  6 rats
42 creatures vanquished.

Vanquished Creatures (collateral kills)
  An adder skeleton (D:2)
  A giant cockroach (D:3)
  A kobold (D:2)
  A ball python (D:3)
4 creatures vanquished.

Grand Total: 46 creatures vanquished

Notes
Turn   | Place    | Note
-------+----------+-------------------------------------------
     0 | D:1      | Loskel the Human Monk began the quest for the Orb.
     0 | D:1      | Reached XP level 1. HP: 18/18 MP: 1/1
   388 | D:1      | Reached XP level 2. HP: 24/24 MP: 2/2
   754 | D:1      | Found a faded altar of an unknown god.
   760 | D:1      | Became a worshipper of Cheibriados the Contemplative
   760 | D:1      | Reached * piety under Cheibriados
   760 | D:1      | Reached ** piety under Cheibriados
   819 | D:1      | Learned a level 1 spell: Summon Small Mammal
  1121 | D:2      | Reached XP level 3. HP: 26/30 MP: 2/4
  1252 | D:2      | Reached *** piety under Cheibriados
  1253 | D:2      | Reached skill level 1 in Spellcasting
  1275 | D:2      | Noticed Natasha
  1290 | D:2      | Killed Natasha
  1291 | D:2      | Reached skill level 4 in Fighting
  1291 | D:2      | Reached XP level 4. HP: 17/37 MP: 4/6
  1374 | D:2      | Noticed Natasha
  1391 | D:2      | Killed Natasha
  1544 | D:2      | Learned a level 3 spell: Call Canine Familiar
  1563 | D:2      | Noticed Natasha
  1573 | D:2      | Killed Natasha
  1574 | D:2      | Reached XP level 5. HP: 42/42 MP: 5/8
  1664 | D:2      | Reached skill level 1 in Summonings
  2082 | D:3      | Noticed Jessica
  2100 | D:3      | Killed Jessica
  2104 | D:3      | Noticed Sigmund
  2139 | D:3      | Reached XP level 6. HP: 49/49 MP: 9/9
  2168 | D:3      | HP: 2/49 [something/puff of flame (11)]
  2169 | D:3      | Slain by a worm

Illustrated notes

Levels and vault maps discovered:
D:1:      eino_arrival_cavern_b, layout_basic, ebering_ecumenical_altar_hall
D:2:      layout_rooms, uniq_natasha
D:3:      layout_basic, okawaru_altar_gauntlet_db, cheibrodos_worm_habitat,
          minmay_misc_feat_four_crosses, uniq_sigmund, uniq_jessica, uniq_robin

Skill      XL: |  1  2  3  4  5 |
---------------+----------------+-----
Spellcasting   | 1 2 |  2.2
Fighting       | 4 |  4.5
Summonings     | 2 |  2.5
Long Blades    | |  3.2
Dodging        | |  3.0
Stealth        | |  2.0

Action                   |  1- 3 |  4- 6 || total
-------------------------+-------+-------++-------
Melee: Falchion          |    17 |       ||    17
       Dagger            |    38 |    81 ||   119
 Cast: Summon Small Mamm |       |    23 ||    23
       Call Canine Famil |       |     1 ||     1
  Use: Scroll            |     3 |     1 ||     4
       Potion            |       |     2 ||     2
 Stab: Sleeping          |     5 |     3 ||     8
       Distracted        |       |     2 ||     2
Armor: Robe              |    12 |    13 ||    25
Dodge: Dodged            |    31 |    72 ||   103
Block: Buckler           |     3 |    22 ||    25
       Rpst.: Falchion   |     3 |       ||     3

Table legend: (Time is in decaauts)
 A = Elapsed time spent in this place.
 B = Non-inter-level travel time spent in this place.
 C = Inter-level travel time spent in this place.
 D = Time resting spent in this place.
 E = Time spent auto-exploring this place.
 F = Levels seen in this place.
 G = Mean time per level.
                   A        B        C        D        E       F      G
               +--------+--------+--------+--------+--------+-----+--------+
         Total |   2702 |   2562 |    140 |    300 |   1733 |   3 |  900.7 |
       Dungeon |   2702 |   2562 |    140 |    300 |   1733 |   3 |  900.7 |
               +--------+--------+--------+--------+--------+-----+--------+

Top non-repeatable levels by time:
     D:1: 1289 daAuts
     D:2: 1117 daAuts
     D:3: 294 daAuts
